 Dungeon Crawl Stone Soup version 0.30-a0-1053-gbd8d5ba0ad (webtiles) character file.

Game seed: 2963690738846100353

10726 Gotegar the Severer (level 11, 0/94 HPs)
             Began as a Minotaur Berserker on Apr 11, 2023.
             Was an Elder of Trog.
             Slain by a bog body (40 damage)
             ... on level 2 of the Lair of Beasts.
             The game lasted 00:51:31 (9006 turns).

Gotegar the Severer (Minotaur Berserker)            Turns: 9006, Time: 00:51:32

Health: 0/94       AC: 13    Str: 32    XL:     11   Next: 40%
Magic:  10/10      EV: 10    Int: 13    God:    Trog [****..]
Gold:   164        SH:  9    Dex: 16    Spells: 10/10 levels left

rFire   + + .      SeeInvis .    E - +8 broad axe of the End of Times {freeze, *Corrode Int+3}
rCold   x . .      Faith    .    f - +0 kite shield
rNeg    . . .      Spirit   .    B - +0 fire dragon scales
rPois   .          Reflect  .    y - +0 hat of the Lily {rElec Will- Str+6}
rElec   +          Rampage  .    (no cloak)
rCorr   .                        z - +1 pair of gloves
Will    .....                    v - +2 pair of boots Stlth
                                 (no amulet)
HPRegen 0.35/turn                o - +6 ring of dexterity
MPRegen 0.12/turn                w - +6 ring of intelligence

@: corroded
A: horns 2, retaliatory headbutt
a: Renounce Religion, Berserk, Trog's Hand, Brothers in Arms


You were on level 2 of the Lair of Beasts.
You worshipped Trog.
Trog was greatly pleased with you.
You visited 2 branches of the dungeon, and saw 10 of its levels.

You collected 674 gold pieces.
You spent 510 gold pieces at shops.

Inventory:

Hand Weapons
 d - a +3 spectral quarterstaff
 E - the +8 broad axe of the End of Times (weapon) {freeze, *Corrode Int+3}
   (You bought it in a shop on level 4 of the Dungeon)

   Int:       It affects your intelligence (+3).
   *Corrode:  It may corrode you when you take damage.
Missiles
 c - 2 throwing nets
 i - 165 stones
 m - 4 javelins (quivered)
 C - 6 atropa-tipped darts
 K - 17 poisoned darts
Armour
 f - a +0 kite shield (worn)
 v - a +2 pair of boots (worn)
 y - the +0 hat of the Lily (worn) {rElec Will- Str+6}
   (You found it on level 3 of the Dungeon)

   Str:       It affects your strength (+6).
   rElec:     It insulates you from electricity.
   Will:      It decreases your willpower.
 z - a +1 pair of gloves (worn)
 B - +0 fire dragon scales (worn)
 M - a +2 scale mail of poison resistance
Jewellery
 l - a ring of poison resistance
 o - a +6 ring of dexterity (left hand)
 r - a ring of positive energy
 w - a +6 ring of intelligence (right hand)
 G - an amulet of magic regeneration
 L - a ring of see invisible
 N - a ring of magical power
Wands
 u - a wand of flame (39)
 H - a wand of paralysis (3)
 J - a wand of light (30)
 O - a wand of iceblast (15)
 P - a wand of polymorph (11)
Scrolls
 e - a scroll of poison
 h - 3 scrolls of fog
 j - 6 scrolls of teleportation
 n - a scroll of blinking
 q - a scroll of fear
 t - 2 scrolls of brand weapon
 x - 4 scrolls of noise
 R - a scroll of enchant weapon
 S - a scroll of magic mapping
 T - a scroll of silence
Potions
 a - 2 potions of invisibility
 b - 6 potions of lignification {unknown}
 g - 2 potions of curing
 k - 2 potions of might {unknown}
 p - 2 potions of berserk rage
 s - 3 potions of magic
 A - 2 potions of heal wounds
 D - 5 potions of flight {unknown}
 F - 3 potions of brilliance {unknown}
 I - a potion of ambrosia
 Q - a potion of resistance
 U - 2 potions of degeneration {unknown}


   Skills:
 + Level 7.9 Fighting
 * Level 16.6 Axes
 + Level 5.0 Throwing
 + Level 9.2 Armour
 + Level 4.0 Dodging
 + Level 3.5 Shields


You had 10 spell levels left.
You didn't know any spells.
Your spell library contained the following spells:

 Spells                   Type           Power      Damage    Failure   Level
 Shock                    Conj/Air       0%         1d3       88%         1
 Swiftness                Air            0%         N/A       99%         3
 Airstrike                Air            0%         2d(0-16)  100%        4


Dungeon Overview and Level Annotations

Branches:
Dungeon (8/15)             Temple (0/1) D:7            Lair (2/5) D:8
 Spider (0/4) Lair:2
  Swamp: Lair:2-3    Shoals: Lair:2-3

Altars:
Dithmenos
Kikubaaqudgha
Okawaru
Trog
Wu Jian
Xom
Yredelemnul
Zin
The Shining One

Shops:
D:4 *   D:7 (   D:8 [?[?


Innate Abilities, Weirdness & Mutations

You have a pair of horns on your head.
You reflexively headbutt those who attack you in melee.


Message History

You feel sick.
You start resting.
You feel sick. x4
You are no longer poisoned.
You start resting.
You are no longer corroded.
You start resting.
You feel yourself speed up.
You start resting.
You recover from your berserk rage.
You start resting.
HP restored.
Found a stone staircase leading down.
Things that are here:
a +0 demon whip of venom; the demonspawn skeleton of Amaemon
m - 5 javelins (gained 1)
m - 6 javelins (gained 1)
Found a leather armour.
You now have 164 gold pieces (gained 14).
D - 5 murky emerald potions (gained 1)
Found a stone staircase leading down.
A bog body comes into view.
Throw: 6 javelins
Press: ? - help, Q - select action, (/) - cycle Shift-Dir - straight line, f - bog body
Aim: a bog body (69% to hit)
You throw a javelin.
The javelin closely misses the bog body.
You hear a splash.
Throw: 5 javelins
Press: ? - help, Q - select action, (/) - cycle Shift-Dir - straight line, f/p - bog body
Aim: a bog body (69% to hit)
You throw a javelin.
The javelin pierces through the bog body.
The bog body is lightly damaged.
You hear a splash.
The bog body casts a spell at you. The bolt of cold hits you!!!
You feel a terrible chill!
Ouch! That really hurt!
The bog body touches you.
Your corrosive artefact corrodes you!
The bog body freezes you!!!
You feel a terrible chill!
You die...

## . ## ##. #.###.. ♣♣♣
.##..#..♣♣♣~~(♣≈
.......⌠.......♣
.......⌠@n...♣
P...P...♣♣♣~~≈~≈
#.P.##....♣♣♣♣♣♣ ♣♣♣
#......#.......♣♣♣♣♣♣♣♣..
#......#......#....♣.....
#.....##.................
.....# #.....P#...##.....
##..P #.....##....#.....
..... ...>...###.###.....


You could see a bog body.

Vanquished Creatures
  3 death yaks (Lair:2)
  Amaemon (Lair:2)
  A lindwurm (Lair:2)
  A torpor snail (Lair:2)
  An orange demon (Lair:2)
  4 cane toads
  2 polar bears (Lair:2)
  A troll (D:8)
  Sigmund (D:5)
  4 wyverns
  10 yaks
  A basilisk (Lair:1)
  3 redbacks (Lair:2)
  2 water moccasins (Lair:1)
  An orc warrior (D:6)
  3 ice beasts
  A sky beast (D:7)
  A black bear (D:4)
  A centaur (D:8)
  2 phantoms
  Blork the orc (D:5)
  2 kobold brigands (D:7)
  5 bullfrogs
  3 scorpions
  6 killer bees (D:7)
  2 howler monkeys
  3 orc priests (D:8)
  2 hounds
  Crazy Yiuf (D:3)
  A gnoll bouda (D:5)
  A sleepcap (D:7)
  6 iguanas
  8 orc wizards
  7 gnolls (D:5)
  9 adders
  A shadow imp (D:6)
  4 white imps
  An ufetubus (D:7)
  5 worms
  3 dart slugs
  25 orcs
  4 bats
  9 endoplasms
  4 giant cockroaches
  4 goblins
  4 hobgoblins
  8 jackals
  19 kobolds
  A quokka (D:1)
  6 ball pythons
  3 frilled lizards
  4 rats
206 creatures vanquished.

Vanquished Creatures (others)
  The ghost of UltrafastDeath the Magician, an amateur DjFE (D:4)
  A goblin (D:4)
  9 fungi
  4 plants
  4 toadstools (D:2)
19 creatures vanquished.

Grand Total: 225 creatures vanquished

Notes
Turn   | Place    | Note
-------+----------+-------------------------------------------
     0 | D:1      | Gotegar the Minotaur Berserker began the quest for the Orb.
     0 | D:1      | Reached XP level 1. HP: 19/19 MP: 0/0
    72 | D:1      | Reached XP level 2. HP: 22/27 MP: 1/1
   188 | D:1      | Reached skill level 4 in Axes
   437 | D:1      | Reached XP level 3. HP: 32/33 MP: 2/2
   804 | D:2      | Reached ** piety under Trog
  1549 | D:3      | Reached XP level 4. HP: 40/40 MP: 3/3
  1808 | D:3      | Reached skill level 5 in Axes
  2031 | D:3      | Identified the +0 hat of the Lily {rElec Will- Str+6}
  2274 | D:3      | Found a runed translucent door.
  2275 | D:3      | Noticed Crazy Yiuf
  2287 | D:3      | Killed Crazy Yiuf
  2756 | D:4      | Reached XP level 5. HP: 44/47 MP: 4/4
  2773 | D:4      | Reached skill level 6 in Axes
  2789 | D:4      | Found a runed translucent gate.
  2790 | D:4      | Noticed UltrafastDeath's ghost (amateur DjFE)
  2846 | D:4      | Reached XP level 6. HP: 50/53 MP: 5/5
  2861 | D:4      | Found an ornate altar of the Wu Jian Council.
  2923 | D:4      | Found Faciaxtuept's Assorted Antiques.
  2934 | D:4      | Bought a jewelled broad axe for 198 gold pieces
  2934 | D:4      | Identified the +8 broad axe of the End of Times {freeze,
                  | *Corrode Int+3} (You bought it in a shop on level 4 of the
                  | Dungeon)
  3223 | D:4      | Found a runed translucent gate.
  3223 | D:4      | Found a runed translucent gate.
  3247 | D:4      | Killed UltrafastDeath's ghost
  3248 | D:4      | Reached skill level 7 in Axes
  3248 | D:4      | Reached skill level 5 in Armour
  3368 | D:4      | Identified the +5 rapier "Modgh" {pain, rC++ Will- Str+4}
  3411 | D:4      | Found a shimmering altar of Xom.
  3411 | D:4      | Found a bloodstained altar of Trog.
  3411 | D:4      | Found an ancient bone altar of Kikubaaqudgha.
  3411 | D:4      | Found a glowing silver altar of Zin.
  3419 | D:4      | Found a shadowy altar of Dithmenos.
  3425 | D:4      | Found a glowing golden altar of the Shining One.
  3570 | D:4      | Reached *** piety under Trog
  3571 | D:4      | Reached XP level 7. HP: 60/60 MP: 6/6
  3604 | D:5      | Entered Level 5 of the Dungeon
  3758 | D:5      | Noticed Blork the orc
  3765 | D:5      | Killed Blork the orc
  3766 | D:5      | Reached skill level 5 in Fighting
  3766 | D:5      | Reached skill level 8 in Axes
  3797 | D:5      | Identified the +1 falchion of the Whelk {protect, rPois}
  3965 | D:5      | Found a basalt altar of Yredelemnul.
  4005 | D:5      | Found an iron altar of Okawaru.
  4046 | D:5      | Noticed Sigmund
  4059 | D:5      | Reached skill level 9 in Axes
  4077 | D:5      | Killed Sigmund
  4078 | D:5      | Reached skill level 1 in Throwing
  4078 | D:5      | Reached XP level 8. HP: 62/68 MP: 7/7
  4741 | D:6      | Reached skill level 10 in Axes
  4760 | D:6      | Reached **** piety under Trog
  4761 | D:6      | Reached skill level 1 in Shields
  5283 | D:6      | Reached skill level 11 in Axes
  5426 | D:7      | Found a staircase to the Ecumenical Temple.
  5442 | D:7      | Identified the +1 trident "Ywnoidghue" {flame, *Corrode
                  | Int+5}
  5499 | D:7      | Reached XP level 9. HP: 58/74 MP: 8/8
  5683 | D:7      | Found Taem's Antique Weapon Boutique.
  6167 | D:7      | Reached skill level 12 in Axes
  6376 | D:8      | Found Geeppaef's Antique Armour Boutique.
  6421 | D:8      | Bought a kite shield for 99 gold pieces
  6589 | D:8      | Found Lufih's Antique Armour Emporium.
  6589 | D:8      | Noticed a troll
  6596 | D:8      | Killed a troll
  6767 | D:8      | Found a staircase to the Lair.
  6975 | D:8      | Found Uzxoase's Magic Scroll Emporium.
  7001 | D:8      | Bought a scroll of magic mapping for 90 gold pieces
  7083 | D:8      | Found Vuobeb's Magic Scroll Shoppe.
  7091 | D:8      | Bought a scroll of silence for 123 gold pieces
  7256 | Lair:1   | Entered Level 1 of the Lair of Beasts
  7300 | Lair:1   | Reached skill level 13 in Axes
  7444 | Lair:1   | Noticed a cane toad
  7449 | Lair:1   | Killed a cane toad
  7463 | Lair:1   | Reached XP level 10. HP: 84/84 MP: 9/9
  7466 | Lair:1   | Reached skill level 14 in Axes
  8056 | Lair:2   | Noticed a cane toad
  8062 | Lair:2   | Killed a cane toad
  8066 | Lair:2   | Noticed a cane toad
  8070 | Lair:2   | Killed a cane toad
  8154 | Lair:2   | Noticed a death yak
  8156 | Lair:2   | Noticed a death yak
  8157 | Lair:2   | Noticed a death yak
  8163 | Lair:2   | Killed a death yak
  8164 | Lair:2   | Reached skill level 15 in Axes
  8168 | Lair:2   | Killed a death yak
  8174 | Lair:2   | Killed a death yak
  8180 | Lair:2   | Noticed a lindwurm
  8185 | Lair:2   | Killed a lindwurm
  8186 | Lair:2   | Reached XP level 11. HP: 80/92 MP: 10/10
  8289 | Lair:2   | Reached skill level 16 in Axes
  8317 | Lair:2   | Found a hole to the Spider Nest.
  8712 | Lair:2   | Noticed Amaemon
  8725 | Lair:2   | Killed Amaemon
  8726 | Lair:2   | Reached skill level 5 in Throwing
  9003 | Lair:2   | Noticed a bog body
  9006 | Lair:2   | Slain by a bog body

Illustrated notes

Levels and vault maps discovered:
D:1:      minmay_arrival_cross, layout_basic
D:2:      layout_loops_cross, minmay_gold_behind_fungi, serial_bayou_pond_a
D:3:      layout_basic, uniq_crazy_yiuf_cottage
D:4:      layout_basic, mainiacjoe_overflow_brackets,
          minmay_overflow_temple_hex, serial_shops,
          nicolae_shop_overgrown_old_shop, gammafunk_ghost_split
D:5:      layout_cave_pods, mainiacjoe_overflow_two_lobes, uniq_blork_the_orc,
          uniq_sigmund
D:6:      layout_loops_cross
D:7:      layout_basic, minmay_temple_entry_offerings, serial_shops,
          nicolae_lakefront_shop
D:8:      layout_basic, lair_entry_dummy, serial_shops, shop_scrolls, shop,
          nicolae_square_shop, shop, david_defended_altar_orc
Lair:1:   layout_loops_ring, lemuel_fruit_tree, grunt_megastairs_4
Lair:2:   layout_regular_city, nicolae_swamp_entry_splash_gauntlet,
          spider_nest_entry_webs, uniq_amaemon

Skill      XL: |  1  2  3  4  5  6  7  8  9 10 11 |
---------------+----------------------------------+-----
Axes           | 4 5 6 7 9 11 13 15 16 | 16.6
Fighting       | 4 5 6 7 |  7.9
Armour         | 3 4 5 6 7 8 9 |  9.2
Throwing       | 1 3 4 5 |  5.0
Shields        | 1 2 3 |  3.5
Dodging        | 3 4 |  4.0

Action                     |  1- 3 |  4- 6 |  7- 9 | 10-12 || total
---------------------------+-------+-------+-------+-------++-------
  Melee: Hand axe          |    67 |    41 |       |       ||   108
         Headbutt          |    16 |     8 |    18 |    19 ||    61
         Punch             |     1 |       |       |       ||     1
         Broad axe         |       |    14 |   137 |    73 ||   224
  Throw: Javelin           |       |       |    51 |    16 ||    67
 Invoke: Berserk           |     1 |     2 |     2 |     3 ||     8
         Brothers in Arms  |       |       |     1 |       ||     1
         Trog's Hand       |       |       |       |     1 ||     1
    Use: Scroll            |     3 |     5 |     9 |     1 ||    18
         Potion            |       |       |       |     1 ||     1
   Stab: Distracted        |       |       |     1 |       ||     1
 Armour: Animal skin       |     2 |       |       |       ||     2
         Chain mail        |    31 |     4 |       |       ||    35
         Fire dragon scale |       |    22 |    64 |    29 ||   115
  Dodge: Dodged            |    28 |    25 |    64 |    35 ||   152
  Block: Buckler           |       |     8 |    12 |       ||    20
         Kite shield       |       |       |    16 |    35 ||    51

Table legend: (Time is in decaauts)
 A = Elapsed time spent in this place.
 B = Non-inter-level travel time spent in this place.
 C = Inter-level travel time spent in this place.
 D = Time resting spent in this place.
 E = Time spent auto-exploring this place.
 F = Levels seen in this place.
 G = Mean time per level.
                   A        B        C        D        E       F      G
               +--------+--------+--------+--------+--------+-----+--------+
         Total |   9148 |   8557 |    591 |    448 |   4818 |  10 |  914.8 |
       Dungeon |   7340 |   6770 |    570 |      0 |   4050 |   8 |  917.5 |
          Lair |   1808 |   1787 |     21 |    448 |    768 |   2 |  904.0 |
               +--------+--------+--------+--------+--------+-----+--------+

Top non-repeatable levels by time:
     D:3: 1210 daAuts
     D:5: 1098 daAuts
     D:7: 998 daAuts
  Lair:2: 990 daAuts
     D:4: 948 daAuts
     D:8: 883 daAuts
  Lair:1: 817 daAuts
     D:1: 809 daAuts
     D:2: 729 daAuts
     D:6: 661 daAuts
